 Dungeon Crawl Stone Soup version 0.20.1-1-g8b1a95d (webtiles) character file.

1379 Inchmeat the Spear-Bearer (level 8, -5/96 HPs)
             Began as a Merfolk Gladiator on Oct 11, 2017.
             Killed from afar by an orc wizard (6 damage)
             ... with a magic dart
             ... on level 6 of the Dungeon.
             The game lasted 00:07:53 (5887 turns).

Inchmeat the Spear-Bearer (Merfolk Gladiator)       Turns: 5887, Time: 00:07:54

Health: -5/96      AC: 24    Str: 16    XL:     8   Next: 66%
Magic:  2/8        EV:  2    Int:  8    God:
Gold:   226        SH:  0    Dex: 22    Spells: 7/7 levels left

rFire    x . .     SeeInvis .   a - +0 trident
rCold    + . .     Gourm    .   (no shield)
rNeg     + + +     Faith    .   (armour currently unavailable)
rPois    +         Spirit   .   (helmet currently unavailable)
rElec    .         Reflect  .   (cloak currently unavailable)
rCorr    .         Harm     .   (gloves currently unavailable)
MR       .....     NoTele   +   (boots currently unavailable)
Stlth    +++.......             (no amulet)
Regen    0.3/turn               h - +2 ring of dexterity
MPRegen  0.2/turn               v - ring of ice

@: agile, tree-form, very slightly contaminated, hasted and slowed, invisible
A: (change form in water), (swift swim), (stealthy swim)
a: no special abilities


You were on level 6 of the Dungeon.
You were not hungry.
You were a tree.
You visited 1 branch of the dungeon, and saw 6 of its levels.

You collected 226 gold pieces.

Inventory:

Hand Weapons
 a - a +0 trident (weapon)
Missiles
 d - 3 throwing nets (quivered)
Armour
 b - a +0 leather armour
 c - a +0 helmet (melded)
 o - a scarf of spirit shield (melded)
 C - a +0 ring mail (melded)
 E - a +0 cloak
Jewellery
 h - a +2 ring of dexterity (left branch)
 v - a ring of ice (right branch)
Wands
 G - a wand of acid (6/15)
Scrolls
 g - 5 scrolls of remove curse
 i - 2 scrolls of amnesia
 l - 5 scrolls of teleportation
 r - 2 scrolls of enchant armour {unknown}
 u - a scroll of random uselessness {unknown}
 y - 2 scrolls of fog {unknown}
 D - a scroll of enchant weapon {unknown}
 F - a scroll of fear {unknown}
Potions
 k - a potion of curing
 p - a potion of brilliance
 q - a potion of might
 x - 2 potions of agility
Comestibles
 f - 5 bread rations
 s - 3 royal jellies
 I - a meat ration


   Skills:
 * Level 6.0 Fighting
 * Level 12.3 Polearms
 - Level 2.0 Throwing
 - Level 1.8 Armour
 - Level 4.0 Dodging
 - Level 0.8 Stealth


You had 7 spell levels left.
You didn't know any spells.

Dungeon Overview and Level Annotations

Branches:
Dungeon (6/15)
 Temple: D:4-7

Altars:
Ashenzari
Dithmenos
Fedhas
Ru
Trog
Zin
The Shining One

Annotations:
D:3 2 transporters


Message History

You closely miss the orc warrior.
The orc warrior shouts!
The orc warrior is moderately wounded.
The orc wizard hits you but does no damage.
You puncture the orc warrior!
The orc warrior is severely wounded.
The orc warrior hits you with a halberd.
* * * LOW HITPOINT WARNING * * *
You strike the helpless orc warrior from behind!
You hit the orc warrior but do no damage.
The orc warrior is severely wounded.
The orc wizard gestures at you while chanting.
The magic dart hits you!
* * * LOW HITPOINT WARNING * * *
You hit the orc warrior.
The orc warrior is severely wounded.
The orc warrior hits you but does no damage.
The orc wizard points at you and mumbles some strange words.
The magic dart hits you!
You die...

#.# #.# # #.# #.# ..###
#.# #.# ..... #.# #.#
......#.# #.######
......#o######......#####
......'.................#
#o#####............
#.♣oo.......#.###.. #.#
#######.###.#.####. # #.#
#.# #........ #.#.# #o#
#.....##. ###o#.#
#.###.....#.. ...o#.####
#...o.....#.# ....o...?
######....#.# ......)##
......#.# ..#..<..#
.P.....#.#


You could see an orc warrior, an orc priest, an orc wizard and an orc.

Vanquished Creatures
  A water moccasin (D:5)
  A sky beast (D:5)
  A necrophage (D:4)
  A phantom (D:5)
  A black bear (D:4)
  2 ogres
  A scorpion (D:5)
  A howler monkey (D:6)
  A bullfrog zombie (D:5)
  Crazy Yiuf (D:3)
  A bullfrog skeleton (D:5)
  A gnoll shaman (D:6)
  2 orc priests
  4 orc wizards
  2 iguanas
  Natasha (twice) (D:3)
  Terence (D:3)
  2 worker ants
  5 gnolls
  6 adders
  2 shadow imps (D:5)
  An adder zombie (D:5)
  12 orcs
  3 ball pythons
  3 bats
  3 giant cockroaches
  11 goblins
  10 hobgoblins
  7 kobolds
  3 quokkas
  4 frilled lizards
  7 rats
103 creatures vanquished.

Notes
Turn   | Place    | Note
-------+----------+-------------------------------------------
     0 | D:1      | Inchmeat the Merfolk Gladiator began the quest for the Orb.
     0 | D:1      | Reached XP level 1. HP: 16/16 MP: 1/1
    60 | D:1      | Reached XP level 2. HP: 22/23 MP: 2/2
    83 | D:1      | Reached skill level 5 in Polearms
   683 | D:2      | Reached XP level 3. HP: 28/28 MP: 3/3
   761 | D:2      | Found a shadowy altar of Dithmenos.
   889 | D:2      | Found a glowing silver altar of Zin.
   889 | D:2      | Found a glowing golden altar of the Shining One.
   938 | D:2      | Reached skill level 6 in Polearms
  1370 | D:2      | Found a bloodstained altar of Trog.
  1432 | D:3      | Noticed a killer bee
  1434 | D:3      | Found a transporter.
  1436 | D:3      | Found a shattered altar of Ashenzari.
  1436 | D:3      | Found a sacrificial altar of Ru.
  1449 | D:3      | Found a transporter.
  1462 | D:3      | Reached XP level 4. HP: 29/34 MP: 4/4
  1738 | D:3      | Found a faded altar of an unknown god.
  1851 | D:3      | Noticed Natasha
  1872 | D:3      | Killed Natasha
  1872 | D:3      | Reached skill level 7 in Polearms
  1872 | D:3      | Reached XP level 5. HP: 23/41 MP: 3/5
  2036 | D:3      | Noticed Terence
  2042 | D:3      | Killed Terence
  2042 | D:3      | Reached skill level 1 in Armour
  2139 | D:3      | Noticed Natasha
  2152 | D:3      | Killed Natasha
  2222 | D:3      | Found a runed door.
  2226 | D:3      | Noticed Crazy Yiuf
  2237 | D:3      | Killed Crazy Yiuf
  2623 | D:4      | Reached skill level 8 in Polearms
  2623 | D:4      | Reached XP level 6. HP: 40/47 MP: 4/6
  2923 | D:4      | Noticed a necrophage
  2938 | D:4      | Killed a necrophage
  3003 | D:4      | Noticed a black bear
  3015 | D:4      | Killed a black bear
  3015 | D:4      | Reached skill level 9 in Polearms
  3015 | D:4      | Reached XP level 7. HP: 21/51 MP: 3/7
  3336 | D:5      | Entered Level 5 of the Dungeon
  3380 | D:5      | Reached skill level 10 in Polearms
  3727 | D:5      | Reached skill level 5 in Fighting
  3727 | D:5      | Reached XP level 8. HP: 21/59 MP: 5/8
  3733 | D:5      | Reached skill level 11 in Polearms
  4682 | D:5      | Found a blossoming altar of Fedhas.
  5753 | D:6      | Reached skill level 12 in Polearms
  5886 | D:6      | HP: 1/96 [orc wizard/magic dart (4)]
  5887 | D:6      | Killed from afar by an orc wizard

Skill      XL: |  1  2  3  4  5  6  7  8 |
---------------+-------------------------+-----
Polearms       | 5 6 7 8 9 10 12 | 12.3
Fighting       | 3 4 5 6 |  6.0
Armour         | 1 |  1.8
Throwing       | |  2.0
Dodging        | |  4.0
Stealth        | |  0.8

Action                   |  1- 3 |  4- 6 |  7- 9 || total
-------------------------+-------+-------+-------++-------
Melee: Trident           |   119 |   188 |   238 ||   545
  Use: Scroll            |       |       |    10 ||    10
       Potion            |       |       |     9 ||     9
 Stab: Invisible         |       |       |     2 ||     2
  Eat: Chunk             |     1 |     6 |     4 ||    11
       Bread ration      |       |       |     1 ||     1
       Royal jelly       |       |       |     1 ||     1
Armor: Leather armour    |    15 |     4 |       ||    19
       Ring mail         |       |    42 |    45 ||    87
       Skin              |       |       |     6 ||     6
Dodge: Dodged            |    62 |   111 |   124 ||   297
